[Event "22nd ETCC Women 2019"]
[Site "Batumi"]
[Date "2019.10.24"]
[Round "1.20"]
[White "Mabille, Natacha"]
[Black "Lanchava, Tea"]
[Result "0-1"]
[ECO "B12"]
[WhiteElo "1939"]
[BlackElo "2236"]
[Annotator "NA"]
[PlyCount "84"]
[EventDate "2019.10.24"]
[EventType "team-tourn"]
[EventCountry "GEO"]
[SourceTitle "playchess.com"]
[Source "ChessBase"]
[SourceQuality "1"]
[WhiteTeam "Belgium"]
[BlackTeam "Netherlands"]
[WhiteTeamCountry "BEL"]
[BlackTeamCountry "NED"]
[TimeControl "40/5400+30:1800+30"]

1. e4 c6 2. d4 g6 3. Nc3 Bg7 4. Bc4 d6 5. Nf3 e6 6. O-O d5 7. exd5 cxd5 8. Bb5+ Bd7 9. Bf4 Nf6 10. Bxd7+ Qxd7 11. Ne5 Qd8 12. Qd3 O-O 13. Qb5 b6 14. a4 a6 15. Qb4 Nh5 16. Ne2 Nxf4 17. Nxf4 Qc7 18. Nfd3 f6 19. Nf3 Nc6 20. Qd2 e5 21. dxe5 fxe5 22. Nb4 Nxb4 23. Qxb4 Qc5 24. Qb3 Rad8 25. Rad1 Kh8 26. c3 Rf4 27. Rd2 Qc6 28. Rfd1 Rc4 29. h3 Bf6 30. Re2 e4 31. Nd4 Bxd4 32. Rxd4 Rxd4 33. cxd4 Rc8 34. Re1 Rf8 35. Qg3 Rf5 36. f3 Qf6 37. fxe4 Qxd4+ 38. Kh1 dxe4 39. Qb8+ Kg7 40. Qb7+ Rf7 41. Qxe4 Rf1+ 42. Kh2 Qg1+ 0-1

[Event "22nd ETCC Women 2019"]
[Site "Batumi"]
[Date "2019.10.24"]
[Round "1.21"]
[White "Stojkovska, Monika"]
[Black "Eric, Jovana"]
[Result "1/2-1/2"]
[ECO "C07"]
[WhiteElo "2108"]
[BlackElo "2285"]
[Annotator "NA"]
[PlyCount "111"]
[EventDate "2019.10.24"]
[EventType "team-tourn"]
[EventCountry "GEO"]
[SourceTitle "playchess.com"]
[Source "ChessBase"]
[SourceQuality "1"]
[WhiteTeam "Macedonia"]
[BlackTeam "Serbia"]
[WhiteTeamCountry "MKD"]
[BlackTeamCountry "SRB"]
[TimeControl "40/5400+30:1800+30"]

1. e4 e6 2. d4 d5 3. Nd2 c5 4. exd5 Qxd5 5. Ngf3 cxd4 6. Bc4 Qd6 7. O-O Nf6 8. Nb3 Nc6 9. Nbxd4 Nxd4 10. Nxd4 Be7 11. c3 O-O 12. Qf3 Qc7 13. Bb3 Bd7 14. Bg5 a5 15. a4 Bc6 16. Nxc6 bxc6 17. Bxf6 Bxf6 18. Rab1 Rfd8 19. Rfd1 Qb6 20. Bc4 Qc5 21. Qe2 Rab8 22. Rxd8+ Rxd8 23. Bd3 g6 24. g3 Kg7 25. Rd1 Qb6 26. Qc2 Rd5 27. Kg2 Be7 28. Be2 Rf5 29. Bf3 Bc5 30. Rd2 Be7 31. Rd7 Bc5 32. Rd2 Re5 33. Re2 Rxe2 34. Qxe2 Bd6 35. Qe4 c5 36. Qb7 Qd8 37. Qa8 Qc7 38. Qb7 f5 39. Qxc7+ Bxc7 40. Bc6 Kf6 41. Kf3 Ke5 42. Ke2 g5 43. h3 Bb6 44. Bb5 Kd5 45. Kd3 h5 46. Bc4+ Ke5 47. Ke3 h4 48. gxh4 gxh4 49. f3 Bd8 50. f4+ Kf6 51. Kf3 e5 52. fxe5+ Kxe5 53. b3 Bg5 54. Bg8 Bd2 55. Bc4 Bxc3 56. Bg8 1/2-1/2

[Event "22nd ETCC Women 2019"]
[Site "Batumi"]
[Date "2019.10.24"]
[Round "1.22"]
[White "Injac, Teodora"]
[Black "Bejatovic, Bojana"]
[Result "1-0"]
[ECO "A05"]
[WhiteElo "2257"]
[BlackElo "2004"]
[Annotator "NA"]
[PlyCount "39"]
[EventDate "2019.10.24"]
[EventType "team-tourn"]
[EventCountry "GEO"]
[SourceTitle "playchess.com"]
[Source "ChessBase"]
[SourceQuality "1"]
[WhiteTeam "Serbia"]
[BlackTeam "Macedonia"]
[WhiteTeamCountry "SRB"]
[BlackTeamCountry "MKD"]
[TimeControl "40/5400+30:1800+30"]

1. Nf3 Nf6 2. g3 g6 3. Bg2 Bg7 4. O-O O-O 5. d4 d6 6. Re1 Nbd7 7. e4 e5 8. Nc3 c6 9. a4 a5 10. h3 Rb8 11. d5 Nc5 12. Nd2 Ne8 13. Nc4 f5 14. exf5 gxf5 15. Be3 f4 16. Bxc5 dxc5 17. dxc6 Qe7 18. Nxe5 fxg3 19. fxg3 Be6 20. Nd7 1-0

[Event "22nd ETCC Women 2019"]
[Site "Batumi"]
[Date "2019.10.24"]
[Round "1.22"]
[White "Frisk, Ellinor"]
[Black "Skripchenko, Almira"]
[Result "1/2-1/2"]
[ECO "C57"]
[WhiteElo "2227"]
[BlackElo "2403"]
[Annotator "NA"]
[PlyCount "81"]
[EventDate "2019.10.24"]
[EventType "team-tourn"]
[EventCountry "GEO"]
[SourceTitle "playchess.com"]
[Source "ChessBase"]
[SourceQuality "1"]
[WhiteTeam "Sweden"]
[BlackTeam "France"]
[WhiteTeamCountry "SWE"]
[BlackTeamCountry "FRA"]
[TimeControl "40/5400+30:1800+30"]

1. e4 e5 2. Nf3 Nc6 3. Bc4 Nf6 4. Ng5 d5 5. exd5 b5 6. Bf1 Nxd5 7. Bxb5 Bb7 8. d4 exd4 9. O-O Qf6 10. Re1+ Nde7 11. Qg4 h6 12. Nf3 Rd8 13. Na3 Rd5 14. Bf4 Kd8 15. Rad1 g5 16. Be5 Nxe5 17. Rxe5 c6 18. Rxd5+ Nxd5 19. Bc4 Bxa3 20. bxa3 Re8 21. Bxd5 cxd5 22. Qxd4 Qxd4 23. Nxd4 Kc7 24. f3 Ba6 25. Kf2 Bc4 26. Re1 Rxe1 27. Kxe1 Bxa2 28. Nf5 h5 29. Nh6 d4 30. Nf5 Kc6 31. Nxd4+ Kc5 32. c3 Kc4 33. Kd2 Bb1 34. g3 a6 35. h4 gxh4 36. gxh4 Bg6 37. f4 Be4 38. Ke3 Bb1 39. Kd2 Be4 40. Ke3 Bb1 41. Kd2 1/2-1/2

[Event "22nd ETCC Women 2019"]
[Site "Batumi"]
[Date "2019.10.24"]
[Round "1.23"]
[White "Navrotescu, Andreea-Cristiana"]
[Black "Cramling Bellon, Anna"]
[Result "1-0"]
[ECO "E34"]
[WhiteElo "2241"]
[BlackElo "2164"]
[Annotator "NA"]
[PlyCount "129"]
[EventDate "2019.10.24"]
[EventType "team-tourn"]
[EventCountry "GEO"]
[SourceTitle "playchess.com"]
[Source "ChessBase"]
[SourceQuality "1"]
[WhiteTeam "France"]
[BlackTeam "Sweden"]
[WhiteTeamCountry "FRA"]
[BlackTeamCountry "SWE"]
[TimeControl "40/5400+30:1800+30"]

1. d4 Nf6 2. c4 e6 3. Nc3 Bb4 4. Qc2 d5 5. cxd5 Qxd5 6. Nf3 Qf5 7. Qxf5 exf5 8. a3 Be7 9. g3 c6 10. Bg2 Be6 11. O-O a5 12. Ne5 O-O 13. f3 Rd8 14. Be3 Nbd7 15. Nxd7 Nxd7 16. Bf2 Nb6 17. e4 Nc4 18. Rfe1 Bf8 19. Bf1 Nd2 20. Be2 fxe4 21. fxe4 Bc4 22. Rad1 Bxe2 23. Rxe2 Nc4 24. a4 Bb4 25. Na2 Be7 26. b3 Ne5 27. Kg2 Ng4 28. Bg1 c5 29. d5 Ne5 30. Nc3 b6 31. Nb5 Bd6 32. h3 h5 33. Bh2 f6 34. g4 hxg4 35. hxg4 g5 36. Rf1 Kg7 37. Ref2 Nxg4 38. Bxd6 Ne3+ 39. Kg3 Nxf1+ 40. Rxf1 Rd7 41. Nc7 Rc8 42. Ne6+ Kg8 43. Bc7 Rcxc7 44. Nxc7 Rxc7 45. Rxf6 Re7 46. Kf3 Kg7 47. Rxb6 g4+ 48. Kxg4 Rxe4+ 49. Kf5 Re3 50. Rb5 Kf7 51. Kf4 Rc3 52. Ke5 Ke7 53. Rb7+ Ke8 54. Ke6 Re3+ 55. Kd6 Rc3 56. Rb8+ Kf7 57. Rb5 c4 58. bxc4 Rxc4 59. Rxa5 Ke8 60. Ra8+ Kf7 61. Kd7 Rd4 62. d6 Rc4 63. a5 Rc5 64. a6 Ra5 65. Kc6 1-0

[Event "22nd ETCC Women 2019"]
[Site "Batumi"]
[Date "2019.10.24"]
[Round "1.23"]
[White "Manova, Ivana"]
[Black "Velikic, Adela"]
[Result "0-1"]
[ECO "B80"]
[WhiteElo "1795"]
[BlackElo "2275"]
[Annotator "NA"]
[PlyCount "68"]
[EventDate "2019.10.24"]
[EventType "team-tourn"]
[EventCountry "GEO"]
[SourceTitle "playchess.com"]
[Source "ChessBase"]
[SourceQuality "1"]
[WhiteTeam "Macedonia"]
[BlackTeam "Serbia"]
[WhiteTeamCountry "MKD"]
[BlackTeamCountry "SRB"]
[TimeControl "40/5400+30:1800+30"]

1. e4 c5 2. Nc3 e6 3. Nf3 d6 4. d4 cxd4 5. Nxd4 Nf6 6. Bb5+ Nbd7 7. O-O Be7 8. f4 O-O 9. Bxd7 Qxd7 10. f5 b6 11. Qd3 Bb7 12. fxe6 fxe6 13. Bd2 d5 14. exd5 exd5 15. Rae1 Bc5 16. Kh1 Ne4 17. Be3 Rad8 18. Rxf8+ Rxf8 19. Nxe4 dxe4 20. Qd1 Qf7 21. Qe2 Qxa2 22. b3 Ba6 23. Qg4 Qa5 24. Rg1 Qc3 25. Qxe4 Kh8 26. Rd1 Bb7 27. Qd3 Qxd3 28. Rxd3 Rf1+ 29. Bg1 Be4 30. Rd2 h6 31. c4 Rb1 32. h3 a5 33. Kh2 Kh7 34. Be3 Bd6+ 0-1

[Event "22nd ETCC Women 2019"]
[Site "Batumi"]
[Date "2019.10.24"]
[Round "1.24"]
[White "Gajcin, Marina"]
[Black "Koskoska, Gabriela"]
[Result "1-0"]
[ECO "B11"]
[WhiteElo "2262"]
[BlackElo "2036"]
[Annotator "NA"]
[PlyCount "99"]
[EventDate "2019.10.24"]
[EventType "team-tourn"]
[EventCountry "GEO"]
[SourceTitle "playchess.com"]
[Source "ChessBase"]
[SourceQuality "1"]
[WhiteTeam "Serbia"]
[BlackTeam "Macedonia"]
[WhiteTeamCountry "SRB"]
[BlackTeamCountry "MKD"]
[TimeControl "40/5400+30:1800+30"]

1. e4 c6 2. Nf3 d5 3. Nc3 Bg4 4. h3 Bxf3 5. Qxf3 e6 6. Be2 Nd7 7. d4 g6 8. Bf4 Bg7 9. O-O-O Ne7 10. h4 h6 11. Qg3 a6 12. h5 g5 13. Bc7 Qc8 14. Bd6 Qd8 15. Kb1 Nc8 16. Bc7 Qe7 17. f4 O-O 18. fxg5 Qxg5 19. Qh2 b5 20. Bf4 Qe7 21. exd5 cxd5 22. Rhe1 Nf6 23. Bf3 Rd8 24. g4 b4 25. Na4 Nh7 26. Qg2 Ng5 27. Rd3 Qa7 28. Qd2 Nxf3 29. Rxf3 Qxd4 30. Rd3 Qf6 31. g5 Qf5 32. Rg3 e5 33. gxh6 Qxf4 34. Rxg7+ Kh8 35. Qxf4 exf4 36. Rxf7 Nd6 37. Rxf4 Ne4 38. Kc1 Rd6 39. Rd1 Rad8 40. Rd4 Kh7 41. Rxb4 Kxh6 42. Rf5 Ng3 43. Re5 d4 44. Nc5 Rc8 45. Re6+ Rxe6 46. Nxe6 d3 47. c3 Rc6 48. Nf4 Rd6 49. Rd4 Ne2+ 50. Nxe2 1-0

[Event "22nd ETCC Women 2019"]
[Site "Batumi"]
[Date "2019.10.24"]
[Round "1.24"]
[White "Bengtsson, Siv"]
[Black "Benmesbah, Natacha"]
[Result "0-1"]
[ECO "B34"]
[WhiteElo "2086"]
[BlackElo "2265"]
[Annotator "NA"]
[PlyCount "42"]
[EventDate "2019.10.24"]
[EventType "team-tourn"]
[EventCountry "GEO"]
[SourceTitle "playchess.com"]
[Source "ChessBase"]
[SourceQuality "1"]
[WhiteTeam "Sweden"]
[BlackTeam "France"]
[WhiteTeamCountry "SWE"]
[BlackTeamCountry "FRA"]
[TimeControl "40/5400+30:1800+30"]

1. e4 c5 2. Nf3 Nc6 3. d4 cxd4 4. Nxd4 Nf6 5. Nc3 e5 6. Ndb5 d6 7. Bg5 a6 8. Bxf6 gxf6 9. Na3 f5 10. exf5 Bxf5 11. Nd5 Bg7 12. Nc4 O-O 13. Nde3 Be6 14. Qxd6 Qf6 15. Bd3 Rfd8 16. Qc7 Rd7 17. Qb6 e4 18. Bxe4 Bxc4 19. Bxc6 Bb5 20. c3 Qxc3+ 21. bxc3 Bxc3# 0-1

[Event "22nd ETCC Women 2019"]
[Site "Batumi"]
[Date "2019.10.24"]
[Round "1.25"]
[White "Hagarova, Zuzana"]
[Black "Koridze, Lile"]
[Result "0-1"]
[ECO "B23"]
[WhiteElo "2295"]
[BlackElo "1988"]
[Annotator "NA"]
[PlyCount "116"]
[EventDate "2019.10.24"]
[EventType "team-tourn"]
[EventCountry "GEO"]
[SourceTitle "playchess.com"]
[Source "ChessBase"]
[SourceQuality "1"]
[WhiteTeam "Slovakia"]
[BlackTeam "Georgia"]
[WhiteTeamCountry "SVK"]
[BlackTeamCountry "GEO"]
[TimeControl "40/5400+30:1800+30"]

1. e4 c5 2. Nc3 Nc6 3. f4 e6 4. Nf3 a6 5. Be2 Be7 6. O-O Nf6 7. Kh1 b5 8. e5 Ng8 9. d4 cxd4 10. Nxd4 Bb7 11. Bf3 Nh6 12. Be3 Qc7 13. Nb3 Nf5 14. Bf2 O-O 15. Nc5 Bc8 16. N3e4 Rd8 17. g4 d5 18. exd6 Nxd6 19. Qe2 Rb8 20. c3 Na5 21. Rad1 Nac4 22. Bg3 Nxe4 23. Nxe4 Bb7 24. f5 e5 25. f6 Bxe4 26. Bxe4 Rxd1 27. Rxd1 Bxf6 28. Qf2 Rd8 29. Rf1 Nd2 30. Re1 Nxe4 31. Rxe4 Qc6 32. Qe2 Rd1+ 33. Qxd1 Qxe4+ 34. Kg1 h6 35. Bf2 Bg5 36. Qd7 Qf4 37. h4 Bf6 38. Kg2 Qe4+ 39. Kg1 Qf3 40. Qc8+ Kh7 41. h5 e4 42. Bd4 Bh4 43. Qf5+ Qxf5 44. gxf5 g6 45. fxg6+ fxg6 46. b3 gxh5 47. c4 bxc4 48. bxc4 Kg6 49. c5 Kf5 50. c6 Bg3 51. Kg2 Bc7 52. Bf2 Ke6 53. Be3 Kd5 54. Bxh6 Kxc6 55. Bg5 Kd5 56. Kf2 Bb6+ 57. Ke2 Kc4 58. Bf6 Bd4 0-1

[Event "22nd ETCC Women 2019"]
[Site "Batumi"]
[Date "2019.10.24"]
[Round "1.26"]
[White "Lazarne Vajda, Szidonia"]
[Black "Franciskovic, Borka"]
[Result "1/2-1/2"]
[ECO "E42"]
[WhiteElo "2353"]
[BlackElo "2262"]
[Annotator "NA"]
[PlyCount "88"]
[EventDate "2019.10.24"]
[EventType "team-tourn"]
[EventCountry "GEO"]
[SourceTitle "playchess.com"]
[Source "ChessBase"]
[SourceQuality "1"]
[WhiteTeam "Hungary"]
[BlackTeam "Croatia"]
[WhiteTeamCountry "HUN"]
[BlackTeamCountry "CRO"]
[TimeControl "40/5400+30:1800+30"]

1. d4 Nf6 2. c4 e6 3. Nc3 Bb4 4. e3 c5 5. Nge2 cxd4 6. exd4 d5 7. c5 O-O 8. a3 Ba5 9. b4 Bc7 10. g3 e5 11. Bg2 exd4 12. Nxd4 a5 13. Be3 Bg4 14. f3 Re8 15. Kf2 axb4 16. axb4 Rxa1 17. Qxa1 Nbd7 18. Rd1 Ne5 19. Bg5 Be6 20. Kg1 h6 21. Bxf6 Qxf6 22. Ncb5 Bb8 23. Nxe6 fxe6 24. f4 Nc6 25. Qxf6 gxf6 26. f5 exf5 27. Bxd5+ Kh7 28. Bxc6 bxc6 29. Rd7+ Kg6 30. Nd4 Rc8 31. Ne6 f4 32. gxf4 Kf5 33. Rd8 Rxd8 34. Nxd8 Bxf4 35. Nxc6 Ke6 36. Kg2 Kd5 37. Ne7+ Ke6 38. Nc8 Kd5 39. Nb6+ Kc6 40. h3 Bd2 41. Nc8 Bxb4 42. Ne7+ Kxc5 43. Ng8 Kd5 44. Nxf6+ Ke6 1/2-1/2

[Event "22nd ETCC Women 2019"]
[Site "Batumi"]
[Date "2019.10.24"]
[Round "1.26"]
[White "Pipia, Ekaterine"]
[Black "Movsesian, Julia"]
[Result "0-1"]
[ECO "D30"]
[WhiteElo "1935"]
[BlackElo "2307"]
[Annotator "NA"]
[PlyCount "90"]
[EventDate "2019.10.24"]
[EventType "team-tourn"]
[EventCountry "GEO"]
[SourceTitle "playchess.com"]
[Source "ChessBase"]
[SourceQuality "1"]
[WhiteTeam "Georgia"]
[BlackTeam "Slovakia"]
[WhiteTeamCountry "GEO"]
[BlackTeamCountry "SVK"]
[TimeControl "40/5400+30:1800+30"]

1. d4 Nf6 2. c4 e6 3. Nf3 d5 4. Bg5 Be7 5. Nc3 Nbd7 6. e3 h6 7. Bh4 O-O $11 8. Rc1 b6 9. cxd5 exd5 10. Bd3 Bb7 11. O-O a6 12. Bb1 Bd6 13. Qd3 Re8 14. Ne2 Nf8 15. Ne5 c5 16. f4 Be7 17. g4 Nxg4 18. Qf5 Nf6 19. Ng3 g6 20. Qh3 Bc8 21. Qg2 Qd6 22. Nf5 Bxf5 23. Bxf5 Nh5 24. Bxe7 Rxe7 25. b4 c4 26. Nxc4 dxc4 27. Qxa8 gxf5 28. Qf3 Nf6 29. Rxc4 Nd5 30. Re1 Nxb4 31. Qh3 Nd5 32. Kf2 Qe6 33. Qg3+ Ng6 34. Rcc1 Nf6 35. Kg1 Qxa2 36. Rc6 Re6 37. Rc8+ Kg7 38. h4 h5 39. Qh3 Nxf4 40. Qg3+ Ng6 41. Rf1 Re4 42. Rf4 Rxf4 43. exf4 Qa1+ 44. Kg2 Qxd4 45. Rb8 Ne4 0-1

[Event "22nd ETCC Women 2019"]
[Site "Batumi"]
[Date "2019.10.24"]
[Round "1.27"]
[White "Cibickova, Zuzana"]
[Black "Esadze, Tamari"]
[Result "1-0"]
[ECO "B90"]
[WhiteElo "2258"]
[BlackElo "1885"]
[Annotator "NA"]
[PlyCount "63"]
[EventDate "2019.10.24"]
[EventType "team-tourn"]
[EventCountry "GEO"]
[SourceTitle "playchess.com"]
[Source "ChessBase"]
[SourceQuality "1"]
[WhiteTeam "Slovakia"]
[BlackTeam "Georgia"]
[WhiteTeamCountry "SVK"]
[BlackTeamCountry "GEO"]
[TimeControl "40/5400+30:1800+30"]

1. e4 c5 2. Nf3 d6 3. d4 cxd4 4. Nxd4 Nf6 5. Nc3 a6 6. h3 e5 7. Nde2 Be7 8. g4 Be6 9. Bg2 O-O 10. O-O Nc6 11. Nd5 b5 12. Be3 Bxd5 13. exd5 Na5 14. b3 Qc7 15. Qd2 Nb7 16. Rfc1 Rfc8 17. c4 bxc4 18. Rxc4 Qd7 19. Rac1 Rxc4 20. Rxc4 Rc8 21. Qc3 Rxc4 22. Qxc4 a5 23. a3 Bd8 24. Nc3 Ne8 25. b4 axb4 26. axb4 Qe7 27. Qc6 g6 28. Bf1 f5 29. Ba6 fxg4 30. hxg4 Nc7 31. Bxb7 Qh4 32. Qd7 1-0

[Event "22nd ETCC Women 2019"]
[Site "Batumi"]
[Date "2019.10.24"]
[Round "1.27"]
[White "Purgar, Ivona"]
[Black "Gara, Ticia"]
[Result "0-1"]
[ECO "C42"]
[WhiteElo "2205"]
[BlackElo "2322"]
[Annotator "NA"]
[PlyCount "92"]
[EventDate "2019.10.24"]
[EventType "team-tourn"]
[EventCountry "GEO"]
[SourceTitle "playchess.com"]
[Source "ChessBase"]
[SourceQuality "1"]
[WhiteTeam "Croatia"]
[BlackTeam "Hungary"]
[WhiteTeamCountry "CRO"]
[BlackTeamCountry "HUN"]
[TimeControl "40/5400+30:1800+30"]

1. e4 e5 2. Nf3 Nf6 3. Nxe5 d6 4. Nf3 Nxe4 5. d4 d5 6. Bd3 Bd6 7. O-O O-O 8. c4 c6 9. Nc3 Nxc3 $14 10. bxc3 dxc4 11. Bxc4 Bf5 12. Bd3 Bxd3 13. Qxd3 Nd7 14. c4 Qf6 15. Rb1 b6 16. Bg5 Qg6 17. Qd2 h6 18. Bh4 Rfe8 19. Rfe1 Nf6 20. Bxf6 Qxf6 21. Re2 Rxe2 22. Qxe2 Qe6 23. Qc2 Re8 24. Qc3 Qf5 25. Re1 Rxe1+ 26. Nxe1 Qb1 27. Qe3 Bb4 28. Kf1 Bxe1 29. Qxe1 Qd3+ 30. Qe2 Qxd4 31. g3 Kh7 32. Qc2+ g6 33. h4 h5 34. Qe2 a6 35. Kg1 b5 36. cxb5 axb5 37. Kg2 Qd5+ 38. f3 b4 39. Qc2 c5 40. Kf2 Qd4+ 41. Ke2 c4 42. Qb1 c3 43. Qc2 Kg7 44. Kf1 Qe3 45. Qd1 c2 46. Qxc2 Qxf3+ 0-1

[Event "22nd ETCC Women 2019"]
[Site "Batumi"]
[Date "2019.10.24"]
[Round "1.28"]
[White "Terbe, Julianna"]
[Black "Cvitan, Ena"]
[Result "0-1"]
[ECO "A05"]
[WhiteElo "2280"]
[BlackElo "2182"]
[Annotator "NA"]
[PlyCount "68"]
[EventDate "2019.10.24"]
[EventType "team-tourn"]
[EventCountry "GEO"]
[SourceTitle "playchess.com"]
[Source "ChessBase"]
[SourceQuality "1"]
[WhiteTeam "Hungary"]
[BlackTeam "Croatia"]
[WhiteTeamCountry "HUN"]
[BlackTeamCountry "CRO"]
[TimeControl "40/5400+30:1800+30"]

1. Nf3 Nf6 2. g3 b5 3. Bg2 Bb7 4. Na3 a6 5. c4 e5 6. O-O Bxa3 7. bxa3 d6 8. d4 Nbd7 9. dxe5 dxe5 10. Bb2 Qe7 11. cxb5 axb5 12. Rc1 Rc8 13. Nh4 Bxg2 14. Nf5 Qd8 15. Kxg2 O-O 16. Rc6 g6 17. Nh6+ Kg7 18. Qc1 Ne8 19. h4 Nd6 20. Ng4 f6 21. Rd1 Nb8 22. Rc5 Qe7 23. Nxe5 Nc4 24. Rxc4 bxc4 25. Ng4 Qe4+ 26. Kh3 Qe6 27. Qh6+ Kg8 28. h5 Rf7 29. hxg6 hxg6 30. Qf4 g5 31. Qf3 f5 32. Qc3 fxg4+ 33. Kg2 Qe4+ 34. f3 Qxe2+ 0-1

[Event "22nd ETCC Women 2019"]
[Site "Batumi"]
[Date "2019.10.24"]
[Round "1.28"]
[White "Donghvani, Nia"]
[Black "Motycakova, Monika"]
[Result "1-0"]
[ECO "C50"]
[WhiteElo "1903"]
[BlackElo "2126"]
[Annotator "NA"]
[PlyCount "75"]
[EventDate "2019.10.24"]
[EventType "team-tourn"]
[EventCountry "GEO"]
[SourceTitle "playchess.com"]
[Source "ChessBase"]
[SourceQuality "1"]
[WhiteTeam "Georgia"]
[BlackTeam "Slovakia"]
[WhiteTeamCountry "GEO"]
[BlackTeamCountry "SVK"]
[TimeControl "40/5400+30:1800+30"]

1. e4 e5 2. Nf3 Nc6 3. Bc4 Bc5 4. O-O Nf6 5. d3 O-O 6. c3 d6 7. Bg5 h6 8. Bh4 g5 {[%emt 0:06:06] [#]} 9. Nxg5 $1 hxg5 10. Bxg5 Kg7 11. Qf3 $11 Be6 12. Nd2 Qe7 13. Bd5 Rh8 14. d4 Bb6 15. h4 Rag8 16. Rfe1 Nd8 17. Nc4 c6 18. Nxd6 Bg4 19. Nf5+ Bxf5 20. Qxf5 cxd5 21. dxe5 Bxf2+ 22. Qxf2 Qxe5 23. exd5 Ne4 24. Rxe4 Qxe4 25. Qf6+ Kf8 26. Qxd8+ Kg7 27. Qf6+ Kf8 28. Rf1 Rh7 29. Qd8+ Qe8 30. Qd6+ Kg7 31. Bf6+ Kh6 32. Qf4+ Kh5 33. Qf5+ Kh6 34. Qf4+ Kh5 35. Be5 Qd7 36. Qe4 Kh6 37. Rf6+ Rg6 38. Qf4+ 1-0

[Event "22nd ETCC Women 2019"]
[Site "Batumi"]
[Date "2019.10.24"]
[Round "1.29"]
[White "Peptan, Corina-Isabela"]
[Black "Houska, Jovanka"]
[Result "1-0"]
[ECO "D37"]
[WhiteElo "2371"]
[BlackElo "2430"]
[Annotator "NA"]
[PlyCount "102"]
[EventDate "2019.10.24"]
[EventType "team-tourn"]
[EventCountry "GEO"]
[SourceTitle "playchess.com"]
[Source "ChessBase"]
[SourceQuality "1"]
[WhiteTeam "Romania"]
[BlackTeam "England"]
[WhiteTeamCountry "ROU"]
[BlackTeamCountry "ENG"]
[TimeControl "40/5400+30:1800+30"]

1. d4 d5 2. c4 e6 3. Nf3 Nf6 4. Nc3 Be7 5. Bf4 O-O 6. e3 b6 7. cxd5 Nxd5 8. Bg3 c5 9. Be2 cxd4 10. Nxd4 Nxc3 11. bxc3 Bb7 12. O-O Nc6 13. Qa4 Nxd4 14. cxd4 Bd6 15. Rfc1 a6 16. Rc3 b5 17. Qc2 Bb4 18. Rc7 Rc8 19. a4 Rxc7 20. Bxc7 Qg5 21. Bf1 bxa4 22. Qxa4 Be7 23. Qd7 Bb4 24. Qa4 Be7 25. Qb3 Qd5 26. Qxd5 exd5 27. Rb1 Bc8 28. Rb8 Bd7 29. Bxa6 Rxb8 30. Bxb8 Bc6 31. g4 f6 32. Kg2 Kf7 33. Kg3 Bb4 34. h4 g6 35. h5 Be1 36. Bd3 Be8 37. Bf4 Ke6 38. h6 Bc3 39. Bc2 Bb4 40. Kf3 Bf8 41. e4 g5 42. exd5+ Kxd5 43. Be3 Kc4 44. Bxh7 Bc6+ 45. Be4 Bd5 46. h7 Bg7 47. Bxd5+ Kxd5 48. Ke2 f5 49. Bxg5 fxg4 50. Kd3 Ke6 51. Bf4 Kd5 {Ke4+} 1-0

[Event "22nd ETCC Women 2019"]
[Site "Batumi"]
[Date "2019.10.24"]
[Round "1.30"]
[White "Toma, Katarzyna"]
[Black "Cosma, Elena-Luminita"]
[Result "0-1"]
[ECO "C11"]
[WhiteElo "2272"]
[BlackElo "2313"]
[Annotator "NA RC"]
[PlyCount "94"]
[EventDate "2019.10.24"]
[EventType "team-tourn"]
[EventCountry "GEO"]
[SourceTitle "playchess.com"]
[Source "ChessBase"]
[SourceQuality "1"]
[WhiteTeam "England"]
[BlackTeam "Romania"]
[WhiteTeamCountry "ENG"]
[BlackTeamCountry "ROU"]
[TimeControl "40/5400+30:1800+30"]

1. e4 e6 2. d4 d5 3. Nc3 Nf6 4. e5 Nfd7 5. Nce2 c5 6. c3 Nc6 7. Nf3 a5 8. a3 a4 9. Nf4 Nb6 10. Be3 cxd4 11. cxd4 Na5 12. Nd2 Bd7 13. Nh5 Qc7 14. Rc1 Bc6 15. Bd3 Nac4 16. Rc2 O-O-O 17. O-O Kb8 18. Qe2 Qd7 19. Rfc1 Bb5 20. Nb1 Ba6 21. Bd2 Rc8 22. Qe1 Ka7 23. Ba5 Qb5 24. Bxb6+ Qxb6 25. Bxc4 Rxc4 26. Rxc4 Bxc4 27. Qc3 g6 28. Nf6 Be7 29. Nd2 Rc8 30. Qc2 Bxf6 31. Qxa4+ Kb8 32. exf6 Qxb2 33. Qc2 Qxd4 34. h3 Qxf6 35. Rb1 Ba6 36. Qa4 Ka7 37. Nf3 e5 38. Qd7 Rc5 39. Qe8 e4 40. Ne5 Qe6 41. Qf8 Rc8 42. Qg7 f6 43. Ng4 Rc6 44. Qxh7 f5 45. Nh2 d4 46. Qg7 Qd6 47. Rd1 Be2 0-1

[Event "22nd ETCC Women 2019"]
[Site "Batumi"]
[Date "2019.10.24"]
[Round "1.31"]
[White "Sandu, Mihaela"]
[Black "Lauterbach, Ingrid"]
[Result "1-0"]
[ECO "B06"]
[WhiteElo "2260"]
[BlackElo "2078"]
[Annotator "NA"]
[PlyCount "49"]
[EventDate "2019.10.24"]
[EventType "team-tourn"]
[EventCountry "GEO"]
[SourceTitle "playchess.com"]
[Source "ChessBase"]
[SourceQuality "1"]
[WhiteTeam "Romania"]
[BlackTeam "England"]
[WhiteTeamCountry "ROU"]
[BlackTeamCountry "ENG"]
[TimeControl "40/5400+30:1800+30"]

1. e4 g6 2. d4 Bg7 3. Nf3 d6 4. Be2 Nd7 5. O-O a6 6. h3 e6 7. a4 Ne7 8. Be3 h6 9. Qd2 d5 10. Nc3 dxe4 11. Nxe4 Nd5 12. Rad1 O-O 13. Bxh6 f5 14. Nc3 Nxc3 15. bxc3 Nf6 16. Bd3 Qe8 17. a5 Kh7 18. Bxg7 Kxg7 19. Rfe1 c6 20. Ng5 Qd8 21. Rxe6 Nd5 22. Rde1 Qxa5 23. Re7+ Nxe7 24. Rxe7+ Kf6 25. Qe3 1-0

[Event "22nd ETCC Women 2019"]
[Site "Batumi"]
[Date "2019.10.24"]
[Round "1.32"]
[White "Longson, Sarah N"]
[Black "Lehaci, Miruna-Daria"]
[Result "0-1"]
[ECO "B90"]
[WhiteElo "2073"]
[BlackElo "2131"]
[Annotator "NA"]
[PlyCount "84"]
[EventDate "2019.10.24"]
[EventType "team-tourn"]
[EventCountry "GEO"]
[SourceTitle "playchess.com"]
[Source "ChessBase"]
[SourceQuality "1"]
[WhiteTeam "England"]
[BlackTeam "Romania"]
[WhiteTeamCountry "ENG"]
[BlackTeamCountry "ROU"]
[TimeControl "40/5400+30:1800+30"]

1. e4 c5 2. Nf3 d6 3. d4 cxd4 4. Nxd4 Nf6 5. Nc3 a6 6. h3 e6 7. g4 Be7 8. Be3 Nfd7 9. Bg2 Nc6 10. O-O g5 11. f4 gxf4 12. Nxc6 bxc6 13. Bxf4 e5 14. Bh6 Nb6 15. Qf3 Be6 16. Rad1 Rg8 17. Ne2 Rg6 18. Bc1 Rf6 19. Qc3 Rxf1+ 20. Rxf1 Kd7 21. Rd1 Kc7 22. Qa5 Bg5 23. b3 Bxc1 24. Nxc1 Qg5 25. Qd2 Qxd2 26. Rxd2 a5 27. a4 Rh8 28. Rf2 h5 29. gxh5 Rxh5 30. Ne2 Rg5 31. Rf3 Nd7 32. Ng3 Nc5 33. Kf2 d5 34. Rc3 Kd6 35. exd5 cxd5 36. h4 Rg4 37. h5 d4 38. Rf3 e4 39. Rf6 Ke5 40. Rh6 e3+ 41. Kf3 Rf4+ 42. Ke2 Rf2+ {[%emt 0:00:03] Kxe3 dxe3} 0-1